 Dungeon Crawl Stone Soup version 0.31.0-9-g3a7656b989 (webtiles) character file.

Game seed: 235954754738258089

50 qw the Shooter (level 3, 0/20 HPs)
             Began as a Deep Elf Hunter on Feb 2, 2024.
             Succumbed to Sigmund's poison
             ... on level 2 of the Dungeon.
             The game lasted 00:00:03 (1330 turns).

qw the Shooter (Deep Elf Hunter)                    Turns: 1330, Time: 00:00:04

Health: 0/20       AC:  5    Str: 10    XL:     3   Next: 55%
Magic:  5/5        EV: 11    Int: 13    God:
Gold:   87         SH:  0    Dex: 18    Spells: 2/2 levels left

rFire   . . .        a - +1 shortbow (heavy)
rCold   . . .        (shield currently unavailable)
rNeg    . . .        j - +0 ring mail
rPois   .            (no helmet)
rElec   .            (no cloak)
rCorr   +            (no gloves)
SInv    .            (no boots)
Will    +....        (no amulet)
Stlth   +            f - ring of resist corrosion
HPRegen 0.23/turn    i - ring of willpower
MPRegen 0.09/turn

%: no passive effects
@: lethally poisoned (0 -> -3)
A: no striking features
a: no special abilities


You were on level 2 of the Dungeon.
You visited 1 branch of the dungeon, and saw 2 of its levels.

You collected 87 gold pieces.


   Skills:
 - Level 1.5 Fighting
 + Level 7.1 Ranged Weapons
 - Level 2.4 Dodging
 - Level 1.2 Stealth


You had 2 spell levels left.
You didn't know any spells.
Your spell library was empty.

Inventory:

Hand Weapons
 a - a +1 heavy shortbow (weapon)
Armour
 j - a +0 ring mail (worn)
Jewellery
 f - a ring of resist corrosion (left hand)
 i - a ring of willpower (right hand)
Scrolls
 b - a scroll of revelation {unknown}
 c - a scroll of blinking {unknown}
 g - 2 scrolls of noise {unknown}
 k - a scroll of identify {unknown}
Potions
 d - a potion of heal wounds {unknown}
 h - 2 potions of resistance {unknown}
 l - a potion of cancellation {unknown}

Dungeon Overview and Level Annotations

Branches:
Dungeon (2/15)

Altars:

Annotations:
D:2 Sigmund


Message History

You shoot an arrow. The arrow hits the rat!
You kill the rat!
You now have 87 gold pieces (gained 7).
Sigmund the Dreaded comes into view.
He is wielding a +1 scythe of venom and wearing a +1 robe of cold resistance.
You shoot an arrow.
The arrow hits Sigmund but does no damage.
Sigmund shouts!
You shoot an arrow.
The arrow hits Sigmund but does no damage.
Sigmund completely misses you.
You shoot an arrow.
The arrow hits Sigmund but does no damage.
Sigmund barely misses you.
You shoot an arrow.
The arrow hits Sigmund but does no damage.
Sigmund hits you from afar with a +1 scythe of venom.
You are poisoned.
You shoot an arrow. The arrow hits Sigmund!
Sigmund is moderately wounded.
You feel very sick.
Sigmund hits you from afar with a +1 scythe of venom.
You are more poisoned.
Sigmund barely misses you.
You shoot an arrow. The arrow hits Sigmund.
Sigmund is heavily wounded.
You feel very sick. Sigmund barely misses you.
You shoot an arrow. The arrow hits Sigmund!
Sigmund is almost dead.
You feel very sick.
Sigmund hits you from afar with a +1 scythe of venom.
1328 ||| READING scroll of teleportation.
As you read the scroll of teleportation, it crumbles to dust.
You feel strangely unstable.
You feel sick.
You shoot an arrow. The arrow closely misses Sigmund.
You feel sick. Sigmund closely misses you. x2
You shoot an arrow. The arrow closely misses Sigmund.
Your surroundings suddenly seem different.
You die...

######### #......>#
#### #..####.# .[.#
#..# #.#
##.#####..####.########
######
.<%..)..........@.....#
#.....
##.#####....##.##..##.#
#.#### ##.#
#.....#.##..##.# #.###.
##.# #.......##..##.#
#.##.. )..#
##......##.....# #.##..
#### ##.######.##..#
#..... # #.# #.##..#
####.. # ##'## #.....#
#.# # ##...## ####.##
#.#


There were no monsters in sight!

Vanquished Creatures
  2 dart slugs (D:1)
  2 endoplasms (D:1)
  A giant cockroach (D:1)
  7 goblins
  7 hobgoblins
  3 jackals (D:2)
  3 quokkas
  A ball python (D:1)
  3 bats (D:1)
  5 frilled lizards
  4 kobolds
  2 rats
40 creatures vanquished.

Notes
Turn   | Place    | Note
-------+----------+-------------------------------------------
     0 | D:1      | qw the Deep Elf Hunter began the quest for the Orb.
     0 | D:1      | Reached XP level 1. HP: 12/12 MP: 3/3
     0 | D:1      | 0 ||| qw: Version: 0.3-a-155-g5e7d8dd
     0 | D:1      | 0 ||| qw: Game counter: 2055
     0 | D:1      | 0 ||| qw: Melee chars always use a shield: true
     0 | D:1      | 0 ||| qw: God list: Okawaru
     0 | D:1      | 0 ||| qw: Allow faded altars: false
     0 | D:1      | 0 ||| qw: Do Orc after clearing Dungeon:15 true
     0 | D:1      | 0 ||| qw: Do second Lair branch before Depths: true
     0 | D:1      | 0 ||| qw: Lair rune preference: random
     0 | D:1      | 0 ||| qw: Goals: Normal
     0 | D:1      | 0 ||| PLANNING D:1-11
   193 | D:1      | Reached XP level 2. HP: 16/16 MP: 4/4
   256 | D:1      | Reached skill level 6 in Ranged Weapons
   697 | D:1      | 697 ||| UPGRADING to +0 ring mail.
   707 | D:1      | 707 ||| DROPPING +0 leather armour.
   708 | D:1      | 708 ||| UPGRADING to ring of resist corrosion.
   709 | D:1      | 709 ||| UPGRADING to ring of willpower.
   710 | D:1      | 710 ||| READING 2 scrolls labelled VIEKHE LOOMUS.
   711 | D:1      | 711 ||| READING 2 scrolls labelled JAORA ENYPPIA.
   715 | D:1      | 715 ||| READING scroll labelled JIECLAL YSI.
   715 | D:1      | 715 ||| ENCHANTING +0 shortbow.
   716 | D:1      | 716 ||| READING scroll labelled XABBOHEPPOE.
   716 | D:1      | 716 ||| BRANDING +1 shortbow.
   717 | D:1      | 717 ||| DROPPING scroll of butterflies.
   718 | D:1      | 718 ||| DROPPING scroll of fog.
   804 | D:2      | Reached XP level 3. HP: 20/20 MP: 5/5
  1119 | D:2      | Reached skill level 7 in Ranged Weapons
  1320 | D:2      | Noticed Sigmund
  1327 | D:2      | HP: 4/20 [Sigmund/+1 scythe of venom (2)]
  1328 | D:2      | 1328 ||| READING scroll of teleportation.
  1330 | D:2      | Succumbed to Sigmund's poison

Levels and vault maps discovered:
D:1:      dpeg_arrival_short_road, layout_loops_ring, minivault_14
D:2:      layout_loops_corners, uniq_sigmund

Skill      XL: |  1  2  3 |
---------------+----------+-----
Ranged Weapons | 6 7 |  7.1
Fighting       | |  1.5
Dodging        | |  2.4
Stealth        | |  1.2

Action                     || total
---------------------------++-------
   Fire: Shortbow          ||    92
    Use: Scroll            ||     5
 Armour: Leather armour    ||     2
         Ring mail         ||    16
  Dodge: Dodged            ||    19

Table legend:
 A = Non-vault XP
 B = Vault XP
 C = Vault XP percentage of total XP
 D = Non-vault monster count
 E = Vault monster count
 F = Vault count percentage of total count
                 A         B        C        D         E       F
            +---------+---------+-------+---------+---------+-------
      Total |      72 |       0 |   0.0 |      40 |       0 |   0.0
            +---------+---------+-------+---------+---------+-------
        D:1 |      39 |       0 |   0.0 |      21 |       0 |   0.0
        D:2 |      33 |       0 |   0.0 |      19 |       0 |   0.0
            +---------+---------+-------+---------+---------+-------
